 Dungeon Crawl Stone Soup version 0.28-a0-1206-g193881aaa2 (webtiles) character file.

Game seed: 12193513222830749701

628 bearlyready the Carver (level 7, -1/57 HPs)
             Began as a Minotaur Delver on Dec 20, 2021.
             Slain by a wyvern skeleton (11 damage)
             ... on level 5 of the Dungeon.
             The game lasted 00:05:43 (5488 turns).

bearlyready the Carver (Minotaur Delver)            Turns: 5488, Time: 00:05:44

Health: -1/57      AC:  0    Str: 18    XL:     7   Next: 23%
Magic:  6/6        EV: 10    Int: 13    God:
Gold:   122        SH:  0    Dex: 12    Spells: 6/6 levels left

rFire   . . .      SeeInvis +   a - +0 falchion
rCold   . . .      Faith    .   (no shield)
rNeg    . . .      Spirit   .   C - +0 scale mail
rPois   .          Reflect  .   (helmet restricted)
rElec   .          Harm     .   (no cloak)
rCorr   .          Rampage  .   E - +0 pair of gloves
Will    .....                   x - +0 pair of boots
Stlth   +.........              r - amulet of regeneration
HPRegen 0.99/turn               j - +6 ring of intelligence
MPRegen 0.10/turn               q - ring of see invisible

@: corroded, hasted, very quick
A: horns 2, retaliatory headbutt
a: no special abilities


You were on level 5 of the Dungeon.
You visited 1 branch of the dungeon, and saw 5 of its levels.
You also visited: Sewer.

You collected 122 gold pieces.

Inventory:

Hand Weapons
 a - a +0 falchion (weapon)
 b - a +0 vorpal hunting sling
Missiles
 k - 148 stones (quivered)
 v - 2 throwing nets
 w - 12 bolts
 D - 14 sling bullets
Armour
 i - a +0 ring mail
 s - a +0 leather armour
 x - a +0 pair of boots (worn)
 C - a +0 scale mail (worn)
 E - a +0 pair of gloves (worn)
Jewellery
 j - a +6 ring of intelligence (left hand)
 q - a ring of see invisible (right hand)
 r - an amulet of regeneration (around neck)
Wands
 g - a wand of digging (3)
 F - a wand of iceblast (4)
Scrolls
 c - a scroll of fog
 d - 2 scrolls of magic mapping
 e - a scroll of fear
 h - 3 scrolls of teleportation {unknown}
 l - 2 scrolls of blinking {unknown}
 n - a scroll of holy word {unknown}
 o - 2 scrolls of enchant weapon {unknown}
 u - 3 scrolls of identify {unknown}
 y - 3 scrolls of immolation {unknown}
 A - a scroll of amnesia {unknown}
Potions
 f - 2 potions of haste
 m - 3 potions of magic {unknown}
 p - a potion of heal wounds {unknown}
 t - 2 potions of resistance {unknown}
 z - a potion of mutation {unknown}
 B - a potion of might {unknown}


   Skills:
 - Level 3.6 Fighting
 + Level 9.7 Long Blades
 - Level 2.1 Dodging
 - Level 4.1 Stealth


You had 6 spell levels left.
You didn't know any spells.
Your spell library contained the following spells:

 Spells                   Type           Power      Damage    Failure   Level
 Slow                     Hex            0%         N/A       71%         1
 Ensorcelled Hibernation  Hex/Ice        0%         N/A       85%         2
 Sublimation of Blood     Necr           0%         N/A       85%         2
 Wereblood                Tmut           0%         N/A       85%         2
 Confusing Touch          Hex            0%         N/A       97%         3
 Tukima's Dance           Hex            0%         N/A       97%         3
 Vampiric Draining        Necr           0%         2d6       97%         3
 Summon Hydra             Summ           0%         N/A       100%        7


Dungeon Overview and Level Annotations

Branches:
Dungeon (5/15)              Sewer (visited)
 Temple: D:4-7

Altars:
Elyvilon

Shops:
D:4 ?

Annotations:
D:5 Ijyb


Innate Abilities, Weirdness & Mutations

You have a pair of horns on your head.
You reflexively headbutt those who attack you in melee.


Message History

The iguana bites you but does no damage.
You hit the iguana.
The iguana is almost dead.
The iguana barely misses you. You furiously retaliate!
You headbutt the iguana!
You kill the iguana!
No target in view!
No target in view!
No target in view!
No target in view!
No target in view!
No target in view!
No target in view!
No target in view!
Found a stone staircase leading down.
Ijyb and a skeleton come into view.
Ijyb is wielding a +0 dagger and carrying a wand of acid (8).
There are monsters nearby!
Ijyb hits you but does no damage.
You hit Ijyb.
Ijyb is moderately wounded.
You hit Ijyb but do no damage. Your headbutt misses Ijyb.
Ijyb is moderately wounded.
Ijyb zaps a wand.
The bolt of acid hits you!!
Ouch! That really hurt!
The acid corrodes you!
You hit Ijyb.
Ijyb is moderately wounded.
Ijyb zaps a wand.
The bolt of acid hits you!!
* * * LOW HITPOINT WARNING * * *
The acid corrodes you!
You are too injured to fight recklessly!
You hit Ijyb but do no damage.
Ijyb is moderately wounded.
Ijyb completely misses you.
Okay, then.
As you read the scroll of fear, it crumbles to dust.
You assume a fearsome visage.
Ijyb looks frightened!
You see here a sedimented green potion.
You feel yourself speed up. The wyvern skeleton bites you!
You die...

#+# #.# #.# ##.##
###...## #
......##
#####.####...#.###
.......@Z##.#.....
#####....!...#.#
###........#
#...#..###
#####.#.# #.##.#
#.# ## #.#
##############.#


You could see a wyvern skeleton.

Vanquished Creatures
  An ogre (D:4)
  A scorpion (D:4)
  A gnoll sergeant (D:4)
  A bullfrog zombie (D:5)
  A jelly (D:4)
  An orc priest (D:3)
  An iguana (D:5)
  An orc wizard (D:3)
  A hound zombie (D:5)
  A hound skeleton (D:4)
  4 adders
  4 gnolls
  4 river rats (Sewer)
  2 adder skeletons
  A worm (D:3)
  4 dart slugs
  18 orcs
  7 endoplasms
  4 giant cockroaches
  8 goblins
  8 hobgoblins
  5 jackals
  3 quokkas
  7 ball pythons
  7 bats
  10 frilled lizards
  10 kobolds
  12 rats
128 creatures vanquished.

Vanquished Creatures (others)
  2 plants (D:4)
2 creatures vanquished.

Grand Total: 130 creatures vanquished

Notes
Turn   | Place    | Note
-------+----------+-------------------------------------------
     0 | D:5      | bearlyready the Minotaur Delver began the quest for the
                  | Orb.
     0 | D:5      | Reached XP level 1. HP: 19/19 MP: 0/0
    25 | D:5      | Reached skill level 3 in Long Blades
    25 | D:5      | Reached XP level 2. HP: 26/26 MP: 1/1
    72 | D:5      | Reached skill level 4 in Long Blades
    81 | D:5      | Found a glowing drain.
    89 | D:5      | Reached XP level 3. HP: 21/31 MP: 2/2
   147 | Sewer    | Entered a sewer
   227 | Sewer    | Reached skill level 5 in Long Blades
   403 | Sewer    | Reached XP level 4. HP: 34/39 MP: 3/3
   760 | D:4      | Found Geulocro's Magic Scroll Boutique.
  1125 | D:3      | Reached skill level 6 in Long Blades
  1776 | D:1      | Found a faded altar of an unknown god.
  1783 | D:1      | Reached XP level 5. HP: 45/45 MP: 4/4
  3300 | D:3      | Reached skill level 7 in Long Blades
  4035 | D:4      | Reached XP level 6. HP: 51/51 MP: 5/5
  4383 | D:4      | Reached skill level 8 in Long Blades
  4602 | D:4      | Found a white marble altar of Elyvilon.
  4837 | D:4      | Reached skill level 9 in Long Blades
  5252 | D:4      | Reached XP level 7. HP: 55/57 MP: 6/6
  5477 | D:5      | Noticed Ijyb
  5488 | D:5      | Slain by a wyvern skeleton

Illustrated notes

Levels and vault maps discovered:
D:1:      lightli_arrival_quake, layout_basic,
          hellmonk_ecumenical_altar_dog_temple
D:2:      layout_basic, kennysheep_another_room, minmay_split_cup_large
D:3:      layout_basic, chequers_serial_rivers_large_a, minivault_24
D:4:      minmay_octagon_keep, layout_loops_cross, mainiacjoe_overflow_paths,
          serial_shops, nicolae_shop_statue_plus, solitary_fountain,
          nicolae_grassy_gnolls
D:5:      layout_loops_corners, gammafunk_ghost_abyssal_escape,
          portal_sewer_entry_d, uniq_crazy_yiuf_cottage, uniq_ijyb

Skill      XL: |  1  2  3  4  5  6 |
---------------+-------------------+-----
Long Blades    | 3 4 5 6 7 9 |  9.7
Fighting       | |  3.6
Dodging        | |  2.1
Stealth        | |  4.1

Action                   |  1- 3 |  4- 6 |  7- 9 || total
-------------------------+-------+-------+-------++-------
Melee: Falchion          |    40 |   228 |    24 ||   292
       Headbutt          |     4 |    37 |     4 ||    45
 Fire: Hunting sling     |       |    17 |       ||    17
Throw: Stone             |     1 |       |       ||     1
  Use: Scroll            |       |       |     1 ||     1
       Potion            |       |       |     1 ||     1
 Stab: Sleeping          |     2 |    11 |       ||    13
Armor: Leather armour    |     1 |       |       ||     1
       Ring mail         |     8 |    56 |       ||    64
       Scale mail        |       |    15 |    10 ||    25
Dodge: Dodged            |    23 |   104 |     9 ||   136

Table legend: (Time is in decaauts)
 A = Elapsed time spent in this place.
 B = Non-inter-level travel time spent in this place.
 C = Inter-level travel time spent in this place.
 D = Time resting spent in this place.
 E = Time spent auto-exploring this place.
 F = Levels seen in this place.
 G = Mean time per level.
                   A        B        C        D        E       F      G
               +--------+--------+--------+--------+--------+-----+--------+
         Total |   5541 |   5379 |    162 |    364 |   4066 |   6 |  923.5 |
       Dungeon |   4951 |   4789 |    162 |    344 |   3641 |   5 |  990.2 |
         Sewer |    590 |    590 |      0 |     20 |    424 |   1 |  590.0 |
               +--------+--------+--------+--------+--------+-----+--------+

Top non-repeatable levels by time:
     D:3: 1417 daAuts
     D:4: 1319 daAuts
     D:2: 1010 daAuts
     D:1: 859 daAuts
   Sewer: 590 daAuts
     D:5: 345 daAuts
